Map: Romanticide LE

Players

Rex - Winner!

  • Race: Zerg Zerg

ExpecT

  • Race: Terran Terran

VOD

Have the link to the VOD?

Description

Time

  • Played on: Sept. 30, 2021, 8:24 a.m.
  • Length: 18:16
Show
View Real Time Build Order
Export as new Build Order

Rex Zerg - Winner!

Build Orders: Hatch First 

Get SALT Encoding   

  12  0:00  Drone  
  13  0:12  Overlord  
  13  0:18  Drone  
  14  0:30  Drone  
  14  0:31  Drone  
  16  0:49  Hatchery  
  15  0:51  Drone  
  15  0:55  Drone  
  17  0:59  Drone  
  18  1:09  Extractor  
  17  1:14  Spawning Pool  
  17  1:16  Drone  
  17  1:20  Drone  
  18  1:28  Drone  
  19  1:39  Drone  
  20  1:50  Drone  
  21  2:00  Queen x2  
  25  2:01  Zergling x4  
  27  2:11  Overlord  
  27  2:12  Drone  
  28  2:22  Hatchery  
  27  2:24  Drone  
  28  2:34  Drone x3  
  30  2:42  Spore Crawler  
  30  2:44  Queen  
  29  2:47  Overlord  
  29  2:50  Metabolic Boost  
  32  2:53  Drone  
  32  2:55  Drone  
  34  2:58  Drone  
  35  3:08  Drone x2  
  35  3:09  Drone x2  
  35  3:10  Drone  
  40  3:18  Overlord  
  40  3:21  Drone, Queen  
  43  3:31  Overlord  
  43  3:34  Queen, Overlord  
  43  3:40  Drone x3  
  48  3:43  Drone x2  
  50  3:51  Zergling x6  
  50  3:52  Lair  
  50  3:55  Extractor  
  52  3:58  Queen  
  54  4:03  Drone x2  
  54  4:08  Drone  
  57  4:10  Baneling Nest  
  57  4:13  Drone x4  
  57  4:16  Drone x2  
  62  4:23  Drone x4  
  66  4:28  Extractor x2  
  66  4:30  Overlord  
  64  4:32  Queen  
  66  4:41  Zergling x12  
  72  4:49  Overlord x2  
  72  5:01  Spire  
  67  5:13  Drone x4  
  67  5:18  Extractor  
  67  5:20  Drone x9  
  74  5:21  Drone  
  74  5:22  Drone, Extractor  
  74  5:26  Drone  
  76  5:30  Drone x2  
  76  5:34  Drone  
  79  5:37  Drone x3  
  79  5:41  Drone x2  
  84  5:49  Drone, Centrifugal Hooks  
  85  5:53  Spore Crawler  
  85  5:56  Spore Crawler  
  82  5:57  Spore Crawler  
  82  5:58  Hatchery  
  82  6:02  Drone  
  82  6:03  Drone  
  82  6:08  Drone  
  82  6:09  Drone x2, Overlord  
  85  6:14  Overlord  
  85  6:22  Mutalisk x5  
  95  6:28  Mutalisk x3  
  101  6:33  Zerg Flyer Weapons Level 1  
  101  6:36  Evolution Chamber  
  101  6:37  Zergling x6, Evolution Chamber  
  102  6:41  Zergling x8  
  107  6:47  Zergling x10  
  107  6:52  Overlord x2  
  111  6:57  Overlord  
  111  7:01  Overlord  
  111  7:03  Baneling x7  
  108  7:22  Zergling x12  
  105  7:26  Zergling x18  
  106  7:34  Mutalisk  
  106  7:35  Mutalisk x3  
  103  7:46  Drone x8  
  103  7:48  Zergling x6  
  109  7:53  Zergling x2  
  109  7:55  Queen x3  
  109  7:56  Drone  
  109  7:57  Drone  
  118  8:00  Zerg Ground Armor Level 1  
  118  8:07  Pneumatized Carapace  
  118  8:09  Zerg Melee Weapons Level 1  
  118  8:11  Mutalisk x3  
  122  8:16  Zergling x2  
  122  8:17  Zergling x8  
  126  8:24  Overseer  
  126  8:27  Drone x5  
  131  8:34  Overlord  
  131  8:39  Hatchery  
  130  8:42  Mutalisk x4  
  130  8:46  Baneling x5  
  138  8:50  Overlord  
  138  8:57  Drone  
  138  8:58  Baneling x5  
  134  9:20  Zergling x30  
  134  9:23  Zerg Flyer Weapons Level 2  
  147  9:29  Overlord  
  147  9:31  Burrow  
  147  9:32  Zergling x16  
  147  9:34  Baneling x11  
  155  9:46  Zergling x10  
  155  9:50  Infestation Pit  
  155  9:51  Overlord  
  159  9:57  Zergling x2  
  159  9:58  Zergling x24  
  159  9:59  Baneling x4  
  172  10:05  Drone x2  
  172  10:06  Overlord  
  174  10:12  Overlord  
  173  10:18  Baneling x18  
  173  10:22  Baneling x13  
  170  10:39  Zergling x24  
  140  10:51  Zergling x32  
  140  10:53  Zerg Melee Weapons Level 2  
  148  11:04  Zerg Ground Armor Level 2  
  148  11:06  Hive  
  148  11:07  Drone x6  
  154  11:13  Mutalisk x3  
  154  11:17  Drone x2  
  162  11:27  Baneling  
  161  11:33  Overseer x2, Baneling  
  161  11:40  Zergling x32  
  161  11:43  Baneling x12  
  175  11:59  Zergling x24  
  176  12:10  Overlord x6  
  176  12:13  Baneling x5, Hatchery  
  173  12:29  Zergling x22  
  153  12:39  Zergling x4  
  153  12:43  Zergling x4  
  140  12:47  Zergling x6  
  140  12:49  Mutalisk  
  145  12:51  Baneling  
  145  12:52  Baneling x11  
  145  12:57  Zergling x6  
  136  12:59  Baneling  
  136  13:00  Zergling x2  
  136  13:02  Zergling x2  
  136  13:05  Zergling x2  
  121  13:13  Zergling x8  
  121  13:19  Zergling x2  
  119  13:25  Baneling x16  
  118  13:27  Zergling x4  
  118  13:31  Drone  
  118  13:32  Drone x2  
  118  13:34  Drone  
  122  13:38  Drone x2  
  123  13:50  Zerg Ground Armor Level 3  
  123  13:53  Ultralisk Cavern  
  122  14:05  Hatchery  
  122  14:06  Zergling x14  
  127  14:20  Drone x4  
  127  14:21  Drone  
  132  14:32  Mutalisk x5  
  132  14:35  Zergling x2  
  132  14:36  Zergling x4  
  132  14:38  Baneling x5  
  145  14:42  Chitinous Plating  
  145  14:44  Hatchery  
  142  14:53  Zergling x12  
  142  14:54  Zergling x8  
  142  14:59  Zergling x4  
  154  15:01  Baneling x4  
  148  15:22  Zergling x22  
  151  15:30  Ultralisk  
  151  15:31  Ultralisk x2  
  158  15:37  Ultralisk, Baneling x2  
  163  15:47  Hatchery  
  162  15:53  Zergling x4  
  162  15:55  Zergling x12  
  170  15:57  Baneling x2  
  170  16:06  Zergling x10  
  175  16:18  Ultralisk  
  174  16:29  Ultralisk  
  180  16:51  Mutalisk x12  
  186  16:57  Mutalisk  
  186  16:58  Mutalisk  
  190  17:19  Zergling x22  
  190  17:20  Baneling x2  
  190  17:21  Baneling x2  
  200  17:33  Baneling x16  
  200  17:42  Baneling x3  
  200  17:49  Zergling x2  
  199  17:53  Zergling x2  
Show
View Real Time Build Order
Export as new Build Order

ExpecT Terran 

Build Orders: Reaper Expand 

Get SALT Encoding   

  12  0:00  SCV  
  13  0:12  SCV  
  14  0:17  Supply Depot  
  14  0:24  SCV  
  15  0:39  SCV  
  15  0:40  Barracks  
  16  0:44  Refinery  
  16  0:51  SCV  
  17  1:03  SCV  
  18  1:15  SCV  
  19  1:27  Reaper, Orbital Command  
  20  1:39  Command Center  
  20  1:52  Supply Depot  
  20  1:53  SCV  
  21  1:59  Marine  
  22  2:05  SCV  
  22  2:07  Factory  
  23  2:17  SCV  
  23  2:20  Barracks Reactor  
  24  2:37  SCV, Command Center  
  25  2:49  SCV  
  26  2:53  Orbital Command  
  26  2:57  Starport  
  26  3:00  Marine x2  
  26  3:03  SCV  
  29  3:09  Hellion  
  31  3:13  Refinery  
  31  3:18  Marine x2  
  31  3:19  SCV  
  34  3:21  SCV  
  35  3:30  Hellion  
  35  3:32  SCV  
  38  3:37  Medivac  
  38  3:38  Marine x2  
  38  3:39  SCV  
  43  3:51  SCV, Orbital Command  
  43  3:52  Hellion, SCV  
  47  3:56  Marine x2  
  49  4:04  SCV x2  
  51  4:10  Barracks  
  51  4:16  SCV x2  
  53  4:22  Hellion  
  53  4:23  Hellion  
  57  4:26  Barracks Tech Lab  
  57  4:28  Liberator, Supply Depot  
  57  4:30  Supply Depot, SCV  
  61  4:46  Stimpack  
  61  4:49  Marine  
  61  4:50  SCV x3  
  65  4:53  Factory Reactor  
  65  4:59  Engineering Bay  
  65  5:01  Engineering Bay  
  65  5:02  SCV x3  
  68  5:14  SCV  
  61  5:18  Marine, Orbital Command  
  56  5:24  SCV, Barracks x2  
  56  5:25  Barracks  
  56  5:26  SCV  
  52  5:28  Marine  
  52  5:29  Marine  
  52  5:30  Terran Infantry Weapons Level 1, Starport Reactor, Terran Infantry Armor Level 1  
  52  5:33  Hellion x2  
  58  5:36  SCV, Marine  
  58  5:37  Supply Depot  
  58  5:39  Refinery  
  58  5:41  Refinery  
  60  5:43  SCV  
  60  5:44  SCV  
  60  5:48  Marine  
  60  5:49  SCV  
  64  5:51  Marine  
  64  5:56  Supply Depot, Marine  
  66  5:57  Supply Depot  
  66  5:59  Widow Mine  
  66  6:00  Widow Mine  
  66  6:01  SCV x3  
  73  6:06  Marine  
  73  6:07  Refinery  
  73  6:10  Medivac  
  73  6:11  Medivac  
  78  6:13  SCV x3  
  78  6:18  Supply Depot  
  81  6:20  Barracks Reactor x2  
  81  6:23  Barracks Reactor  
  81  6:24  Marine x3  
  81  6:25  SCV  
  85  6:27  SCV  
  85  6:28  SCV  
  85  6:32  Widow Mine x2  
  91  6:37  SCV  
  91  6:38  Supply Depot  
  91  6:39  Supply Depot, SCV  
  93  6:40  SCV  
  93  6:44  Medivac x2  
  98  6:49  SCV, Marine x3  
  98  6:52  SCV  
  98  6:53  Armory  
  103  6:55  SCV  
  103  6:59  Marine  
  103  7:00  Marine x5  
  110  7:01  SCV  
  110  7:04  SCV  
  110  7:05  Factory  
  110  7:06  Marine  
  113  7:11  Marine x2  
  113  7:14  SCV  
  113  7:17  Marine  
  113  7:18  Marine x4  
  114  7:28  SCV x2, Marine x2  
  114  7:29  Marine x2  
  112  7:35  Marine  
  112  7:36  Marine  
  112  7:40  Marine x3  
  112  7:42  SCV x3  
  115  7:47  Medivac  
  115  7:48  Widow Mine x2  
  118  7:53  Missile Turret  
  118  7:54  SCV  
  118  7:56  Marine  
  120  8:02  Marine x2  
  120  8:03  Combat Shield, Marine x2  
  124  8:06  Terran Infantry Weapons Level 2, Terran Infantry Armor Level 2  
  124  8:07  Missile Turret  
  124  8:08  Missile Turret  
  122  8:13  Marine  
  122  8:16  Marine x4  
  115  8:20  Marine x2  
  115  8:24  Marine x2  
  115  8:26  Medivac x2  
  119  8:30  Factory Tech Lab  
  119  8:31  Marine  
  120  8:34  Supply Depot  
  120  8:39  Marine x5  
  125  8:41  Supply Depot  
  125  8:53  Supply Depot, Drilling Claws  
  125  8:54  Supply Depot  
  125  8:55  Sensor Tower  
  125  9:00  Marine x2, Thor  
  125  9:02  Marine x3  
  134  9:10  Marine x3  
  134  9:13  Marine  
  134  9:15  Widow Mine x2  
  136  9:18  Marine x2  
  136  9:21  Marine  
  136  9:22  Marine x2  
  136  9:23  Medivac x2  
  143  9:27  Marine  
  142  9:34  Marine x2  
  142  9:35  Marauder  
  142  9:36  Marine x2  
  148  9:38  Supply Depot  
  148  9:39  Marine x2  
  147  9:46  Thor  
  153  9:54  Marine x4  
  157  10:00  Marauder, Widow Mine x2, Marine x2  
  157  10:01  Refinery  
  165  10:09  Command Center  
  165  10:11  Supply Depot  
  165  10:13  Supply Depot, Marine x2  
  167  10:16  Marine x4  
  167  10:21  Medivac  
  173  10:32  Marine x2  
  173  10:33  Marauder, Widow Mine x2  
  173  10:34  Medivac  
  173  10:35  Hellion  
  178  10:44  Orbital Command  
  158  10:51  Marine  
  158  10:54  Marauder  
  158  10:55  Medivac  
  158  10:56  Thor  
  159  10:57  Widow Mine x2  
  159  11:02  Marine x5  
  159  11:03  Marine  
  161  11:04  Medivac  
  161  11:10  Marine x2  
  165  11:15  Terran Infantry Weapons Level 3, Marine  
  164  11:20  Terran Infantry Armor Level 3  
  163  11:28  Marine x2  
  165  11:33  Marauder  
  165  11:36  Marine  
  165  11:37  Supply Depot  
  165  11:38  Supply Depot  
  168  11:45  Marine x3  
  168  11:46  Marine x4  
  175  11:54  Marine  
  175  11:55  Marauder  
  172  12:03  Marine x5  
  172  12:04  Marine x2  
  172  12:06  Medivac x2  
  166  12:12  Marine  
  167  12:16  Marine  
  167  12:21  Marine x2  
  167  12:22  Marine  
  171  12:23  Marine x2  
  171  12:28  Marine  
  157  12:32  Marine x2  
  157  12:34  Marauder  
  113  12:44  Marine x2  
  113  12:45  Marine x2  
  113  12:50  Marine x3  
  112  12:57  Marine x2  
  106  13:02  Marine x2  
  108  13:06  Orbital Command  
  108  13:12  Marine x4  
  85  13:17  Widow Mine x2  
  72  13:20  Marine x2  
  72  13:26  Marine x3  
  74  13:40  Marine x2  
  74  13:41  Marine  
  75  13:43  Marine x2  
  75  13:44  Widow Mine  
  75  13:45  Marauder, Widow Mine  
  75  13:47  SCV x3  
  86  13:49  Missile Turret  
  86  13:52  Marine x3  
  89  14:06  Marauder, Marine x2  
  92  14:10  Widow Mine x2  
  96  14:18  Marine x5  
  96  14:19  Marine  
  96  14:20  Medivac x2  
  106  14:28  Marauder  
  108  14:32  Widow Mine x2  
  108  14:37  SCV  
  108  14:38  SCV x2  
  115  14:40  Marine x2  
  115  14:41  Marine x4  
  115  14:42  Marine x2  
  123  14:49  Marauder  
  125  14:53  Widow Mine x2  
  125  14:58  Marine  
  125  14:59  Marine  
  130  15:00  Marine x2  
  130  15:01  Medivac x2  
  130  15:05  Marine x2  
  139  15:09  SCV  
  139  15:10  Marauder  
  139  15:13  Marine  
  130  15:14  Widow Mine  
  130  15:20  Marine  
  128  15:23  Marine x2  
  129  15:32  Marauder  
  129  15:33  Marine  
  110  15:38  Marine x3  
  110  15:42  Marine x2  
  102  15:43  Marine  
  103  15:50  Marine  
  103  15:52  Marine  
  103  15:53  Marauder  
  107  15:58  Marine x2  
  107  16:04  Marine  
  110  16:15  Marauder  
  110  16:20  Marine x2  
  110  16:21  Barracks Tech Lab, Marine x2  
  114  16:34  Marine x2  
  114  16:36  Marauder, Barracks Tech Lab  
  114  16:38  Marine  
  114  16:39  Marine x3  
  111  16:58  Widow Mine x2  
  111  16:59  Marauder, Marine x2  
  119  17:03  Marine  
  119  17:04  Marine  
  121  17:15  Marauder, Marine  
  113  17:27  Widow Mine x2  
  99  17:31  Marauder  
  99  17:35  Marine  
  102  17:40  Marine x2  
  103  17:52  Marine x2  
Tags
 
Add a new tag
Caveats
  • Supply blocks, unpowered buildings, or Contaminate may cause inaccurate times.
  • Supply counts are checked every 10 seconds.